 Dungeon Crawl Stone Soup version 0.29-a0-870-g2c972031a6 (webtiles) character file.

Game seed: 17449566864060458495

1652 nxtlvl the Nimble (level 8, -3/49 HPs)
             Began as a Deep Elf Monk on July 17, 2022.
             Was a Believer of Vehumet.
             Killed from afar by a steam dragon (16 damage)
             ... with a ball of steam
             ... on level 6 of the Dungeon.
             The game lasted 00:29:09 (3573 turns).

nxtlvl the Nimble (Deep Elf Monk)                   Turns: 3573, Time: 00:29:11

Health: -3/49      AC:  4    Str:  8    XL:     8   Next: 68%
Magic:  25/27      EV: 17    Int: 18    God:    Vehumet [**....]
Gold:   208        SH:  0    Dex: 17    Spells: 16/17 levels left

rFire   . . .      SeeInvis .   a - +6 short sword "Umeta" {holy, rPois}
rCold   . . .      Faith    .   (no shield)
rNeg    + . .      Spirit   .   b - +0 robe
rPois   +          Reflect  .   w - +0 helmet
rElec   .          Harm     .   l - +0 cloak
rCorr   .          Rampage  .   (no gloves)
Will    .....                   (no boots)
Stlth   ++........              (no amulet)
HPRegen 0.16/turn               k - ring of positive energy
MPRegen 0.20/turn               p - ring of magical power

@: no status effects
A: robust 1
a: Renounce Religion


You were on level 6 of the Dungeon.
You worshipped Vehumet.
Vehumet was pleased with you.
You visited 2 branches of the dungeon, and saw 9 of its levels.

You collected 208 gold pieces.

Inventory:

Hand Weapons
 a - the +6 short sword "Umeta" (weapon) {holy, rPois}
   (You found it on level 6 of the Dungeon)

   It has been blessed by the Shining One to cause great damage to the undead
   and demons.
   rPois:     It protects you from poison.
Missiles
 d - 49 stones
 h - 2 datura-tipped darts
 n - 3 poisoned darts (quivered)
Armour
 b - a +0 robe (worn)
 l - a +0 cloak (worn)
 t - a +0 buckler
 w - a +0 helmet (worn)
Jewellery
 k - a ring of positive energy (left hand)
 p - a ring of magical power (right hand)
Wands
 u - a wand of paralysis (14)
Scrolls
 c - a scroll of brand weapon
 f - a scroll of fog {unknown}
 i - a scroll of immolation {unknown}
 j - 3 scrolls of teleportation
 o - a scroll of enchant weapon {unknown}
 r - a scroll of poison {unknown}
 s - 2 scrolls of fear {unknown}
 v - a scroll of amnesia {unknown}
Potions
 e - 4 potions of curing
 g - 2 potions of cancellation
 q - a potion of mutation


   Skills:
 - Level 2.4 Fighting
 + Level 7.8 Short Blades
 + Level 8.3 Dodging
 - Level 2.4 Stealth
 * Level 5.3 Spellcasting
 + Level 3.9 Ice Magic


You had 16 spell levels left.
You knew the following spells:

 Your Spells              Type           Power      Damage    Failure   Level
z - Freeze                Ice            72%        1d9       2%          1

Your spell library contained the following spells:

 Spells                   Type           Power      Damage    Failure   Level
 Conjure Flame            Conj/Fire      4%         6-21      36%         3
 Sting                    Tmut/Pois      16%        1d3       13%         1
 Poisonous Vapours        Pois/Air       8%         N/A       19%         2
 Call Canine Familiar     Summ           4%         N/A       36%         3
 Gell's Gravitas          Tloc           4%         N/A       36%         3
 Lesser Beckoning         Tloc           4%         N/A       36%         3
 Portal Projectile        Hex/Tloc       8%         N/A       36%         3
 Summon Guardian Golem    Hex/Summ       4%         N/A       36%         3
 Teleport Other           Tloc           4%         N/A       36%         3
 Leda's Liquefaction      Hex/Erth       2%         N/A       77%         4
 Olgreb's Toxic Radiance  Pois           4%         N/A       77%         4
 Orb of Destruction       Conj           2%         9d5       100%        7
 Spellforged Servitor     Conj/Summ      2%         N/A       100%        7


Dungeon Overview and Level Annotations

Branches:
Dungeon (8/15)             Temple (1/1) D:4
   Lair: D:8-11

Altars:
Ashenzari
Cheibriados
Dithmenos
Elyvilon
Gozag
Hepliaklqana
Kikubaaqudgha
Makhleb
Nemelex Xobeh
Okawaru
Qazlal
Ru
Sif Muna
Trog
Vehumet
Xom
Yredelemnul
The Shining One

Shops:
D:2 :

Annotations:
D:3 1 runed translucent door, Crazy Yiuf
D:4 Blork the orc


Innate Abilities, Weirdness & Mutations

You are robust. (+10% HP)


Message History

The steam dragon closely misses you. The steam dragon claws you.
* * * LOW HITPOINT WARNING * * *
You hit the steam dragon.
The steam dragon is moderately wounded.
The steam dragon closely misses you. The steam dragon misses you.
You hit the steam dragon.
The steam dragon is heavily wounded.
You hit the steam dragon but do no damage.
The steam dragon is heavily wounded.
The steam dragon closely misses you. The steam dragon misses you.
You feel much better. The steam dragon breathes steam at you.
The ball of steam misses you.
Casting: Freeze (safe; 2% risk of failure)
Confirm with . or Enter, or press ? or * to list all spells.
Aiming: Freeze (safe; 2% risk of failure)
Press: ? - help, Shift-Dir - straight line, f/p - steam dragon
Aim: a steam dragon (heavily wounded, catching its breath)
You freeze the steam dragon.
The steam dragon is heavily wounded.
You are engulfed in a cloud of scalding steam.
The steam dragon bites you. The steam dragon misses you.
You hit the steam dragon.
The steam dragon is severely wounded.
The steam dragon bites you but does no damage.
The steam dragon claws you.
You barely miss the steam dragon.
The steam dragon is severely wounded.
You hit the steam dragon but do no damage.
The steam dragon is severely wounded.
The steam dragon breathes steam at you. The ball of steam hits you!
* * * LOW HITPOINT WARNING * * *
You hit the steam dragon.
The steam dragon is almost dead.
You are engulfed in a cloud of scalding steam.
* * * LOW HITPOINT WARNING * * *
The steam dragon breathes steam at you. The ball of steam hits you!
You die...

..# #..## ###
##..# #..# ##.##
#..# #..## ##..#
####D.#####
#...@>....#
#.###.###.# #.
#.# #.#
###.###.###.#
............#
######.###.#####
...(... #.#
....... #.#
....... #.#


You could see a steam dragon (catching breath).

Vanquished Creatures
  Grinder (D:4)
  Prince Ribbit (D:6)
  Menkaure (D:4)
  A sky beast (D:4)
  An ice beast (D:6)
  An ogre (D:7)
  2 centaurs (D:6)
  A phantom (D:3)
  A necrophage (D:4)
  2 scorpions (D:5)
  2 jellies
  2 orc priests (D:8)
  A hound (D:6)
  2 gnoll boudas (D:7)
  2 iguanas (D:6)
  3 orc wizards
  5 gnolls
  An adder (D:3)
  A shadow imp (D:6)
  An ufetubus (D:5)
  A worm (D:5)
  4 dart slugs
  13 orcs
  3 ball pythons
  7 endoplasms
  2 giant cockroaches
  8 goblins
  4 hobgoblins
  6 jackals
  5 bats
  2 frilled lizards
  5 kobolds
  A rat (D:1)
93 creatures vanquished.

Vanquished Creatures (others)
  A plant (D:7)
1 creature vanquished.

Grand Total: 94 creatures vanquished

Notes
Turn   | Place    | Note
-------+----------+-------------------------------------------
     0 | D:1      | nxtlvl the Deep Elf Monk began the quest for the Orb.
     0 | D:1      | Reached XP level 1. HP: 13/13 MP: 3/3
   114 | D:2      | Found a stormy altar of Qazlal.
   211 | D:2      | Reached XP level 2. HP: 15/18 MP: 4/4
   215 | D:2      | Found Ujoexkot's Book Emporium.
   443 | D:1      | Found a faded altar of an unknown god.
   769 | D:3      | Reached XP level 3. HP: 22/22 MP: 5/5
   901 | D:3      | Noticed a phantom
   907 | D:3      | Killed a phantom
   908 | D:3      | Reached skill level 5 in Short Blades
   908 | D:3      | Reached XP level 4. HP: 20/27 MP: 6/6
   984 | D:3      | Gained mutation: You are robust. (+10% HP) [potion of
                  | mutation]
   985 | D:3      | HP: 1/29 [gnoll/+0 club (7)]
   996 | D:3      | Reached XP level 5. HP: 18/34 MP: 7/7
  1131 | D:3      | Found a runed translucent door.
  1132 | D:3      | Noticed Crazy Yiuf
  1554 | D:3      | Found a burning altar of Makhleb.
  1637 | D:4      | Noticed Blork the orc
  1676 | D:4      | Reached skill level 4 in Dodging
  1783 | D:4      | Found a staircase to the Ecumenical Temple.
  1793 | D:4      | Noticed Grinder
  1797 | Temple   | Entered the Ecumenical Temple
  2028 | D:4      | Paralysed by Grinder for 3 turns
  2052 | D:4      | Killed Grinder
  2053 | D:4      | Reached skill level 5 in Dodging
  2053 | D:4      | Reached XP level 6. HP: 39/39 MP: 8/8
  2076 | D:4      | Found an iron altar of Okawaru.
  2083 | D:4      | Noticed Menkaure
  2086 | D:4      | Killed Menkaure
  2087 | D:4      | Reached skill level 6 in Dodging
  2087 | D:4      | Reached XP level 7. HP: 44/44 MP: 9/9
  2210 | D:4      | Reached skill level 7 in Dodging
  2300 | D:4      | Found a radiant altar of Vehumet.
  2318 | D:4      | Became a worshipper of Vehumet
  2318 | D:4      | Reached * piety under Vehumet
  2318 | D:4      | Offered knowledge of Shock by Vehumet.
  2318 | D:4      | Reached ** piety under Vehumet
  2362 | D:5      | Entered Level 5 of the Dungeon
  2455 | D:6      | Offered knowledge of Freeze by Vehumet.
  2458 | D:6      | Learned a level 1 spell: Freeze
  2460 | D:6      | Identified the +6 short sword "Umeta" {holy, rPois}
  2536 | D:6      | Reached skill level 1 in Spellcasting
  2552 | D:6      | Reached skill level 1 in Ice Magic
  2609 | D:6      | Noticed Prince Ribbit
  2624 | D:6      | Killed Prince Ribbit
  2625 | D:6      | Reached XP level 8. HP: 28/49 MP: 14/14
  2793 | D:5      | Found an opulent altar of Gozag.
  2793 | D:5      | Found an ancient bone altar of Kikubaaqudgha.
  2793 | D:5      | Found a snail-covered altar of Cheibriados.
  2994 | D:6      | Reached skill level 8 in Dodging
  3175 | D:8      | Found a shadowy altar of Dithmenos.
  3229 | D:8      | Reached skill level 5 in Spellcasting
  3401 | D:7      | Offered knowledge of Conjure Flame by Vehumet.
  3573 | D:6      | Killed from afar by a steam dragon

Illustrated notes

Levels and vault maps discovered:
D:1:      minmay_arrival_radiant_lines, layout_loops_ring,
          shapermc_ecumenical_altar_ellora
D:2:      layout_basic, basic_altar, serial_shops,
          nicolae_shop_advertising_works [nicolae_subvault_shop_adworks]
D:3:      layout_basic, lightli_temple_of_fire, uniq_crazy_yiuf_cottage
D:4:      layout_basic, fiery_altar_vehumet, general_overflow_altar,
          minmay_temple_entry_statues_pillars, uniq_menkaure,
          uniq_blork_the_orc, uniq_grinder
D:5:      layout_loops_corners, chequers_temple_overflow_statue_of_worship
D:6:      layout_basic, uniq_prince_ribbit1
D:7:      kennysheep_housing_project, layout_gridville, uniq_duvessa
D:8:      layout_basic, nicolae_dithmenos_the_darkroom,
          nicolae_overflow_squiral, uniq_erica
Temple:   hellmonk_temple_of_storms

Skill      XL: |  1  2  3  4  5  6  7  8 |
---------------+-------------------------+-----
Short Blades   | 4 5 6 7 |  7.8
Dodging        | 5 6 7 8 |  8.3
Spellcasting   | 3 5 |  5.3
Ice Magic      | 2 3 |  3.9
Fighting       | |  2.4
Stealth        | |  2.4

Action                   |  1- 3 |  4- 6 |  7- 9 || total
-------------------------+-------+-------+-------++-------
Melee: Short sword       |    80 |   109 |   210 ||   399
       Punch             |     1 |     2 |     4 ||     7
Throw: Dart              |       |       |    18 ||    18
 Cast: Freeze            |       |       |    16 ||    16
Evoke: Wand              |     6 |    26 |    14 ||    46
  Use: Potion            |       |     8 |     3 ||    11
       Scroll            |       |     3 |     2 ||     5
 Stab: Sleeping          |    10 |     3 |     2 ||    15
       Paralysed         |       |       |     1 ||     1
Armor: Robe              |    13 |     4 |    14 ||    31
Dodge: Dodged            |    42 |    51 |   117 ||   210

Table legend: (Time is in decaauts)
 A = Elapsed time spent in this place.
 B = Non-inter-level travel time spent in this place.
 C = Inter-level travel time spent in this place.
 D = Time resting spent in this place.
 E = Time spent auto-exploring this place.
 F = Levels seen in this place.
 G = Mean time per level.
                   A        B        C        D        E       F      G
               +--------+--------+--------+--------+--------+-----+--------+
         Total |   3476 |   3321 |    155 |     23 |      0 |   9 |  386.2 |
       Dungeon |   3257 |   3102 |    155 |      0 |      0 |   8 |  407.1 |
        Temple |    218 |    218 |      0 |     23 |      0 |   1 |  218.0 |
               +--------+--------+--------+--------+--------+-----+--------+

Top non-repeatable levels by time:
     D:3: 807 daAuts
     D:4: 539 daAuts
     D:2: 430 daAuts
     D:5: 377 daAuts
     D:6: 369 daAuts
     D:1: 316 daAuts
     D:8: 271 daAuts
  Temple: 218 daAuts
     D:7: 144 daAuts
